 Dungeon Crawl Stone Soup version 0.29-a0-338-g1ff7896281 (webtiles) character file.

Game seed: 9445463264348681176

7345 sammy202020 the Grappler (level 10, -2/106 HPs)
             Began as a Troll Fighter on Apr 18, 2022.
             Was a Priest of Okawaru.
             Slain by a gnoll sergeant
             ... wielding a +0 spear
              (3 damage)
             ... on level 8 of the Dungeon.
             The game lasted 00:18:28 (7317 turns).

sammy202020 the Grappler (Troll Fighter)            Turns: 7317, Time: 00:18:29

Health: -2/106     AC:  8    Str: 26    XL:     10   Next: 91%
Magic:  9/9        EV: 10    Int: 14    God:    Okawaru [***...]
Gold:   479        SH:  9    Dex:  9    Spells: 9/9 levels left

rFire   . . .      SeeInvis .     - Unarmed
rCold   . . .      Faith    .   b - +1 kite shield
rNeg    . . .      Spirit   .   H - +0 steam dragon scales
rPois   .          Reflect  .   (helmet restricted)
rElec   .          Harm     .   l - +0 cloak
rCorr   .          Rampage  .   (gloves unavailable)
Will    .....                   (boots unavailable)
Stlth   +.........              E - amulet of the acrobat
HPRegen 1.07/turn               o - ring of wizardry
MPRegen 0.11/turn               u - +6 ring of intelligence

@: lethally poisoned (-2 -> -6)
A: large, unfitting armour, claws 3, regeneration 1, shaggy fur 1, tough skin 1
a: Renounce Religion, Heroism


You were on level 8 of the Dungeon.
You worshipped Okawaru.
Okawaru was most pleased with you.
You visited 2 branches of the dungeon, and saw 9 of its levels.
You also visited: Sewer.

You collected 479 gold pieces.

Inventory:

Hand Weapons
 a - a +2 flail of holy wrath
 t - a +2 whip of freezing
 I - a +5 hand axe of venom
Missiles
 n - 4 boomerangs (quivered)
 q - 6 javelins
 w - 6 poisoned darts
Armour
 b - a +1 kite shield (worn)
 i - a +2 robe of cold resistance
 l - a +0 cloak (worn)
 H - +0 steam dragon scales (worn)
Jewellery
 o - a ring of wizardry (left claw)
 u - a +6 ring of intelligence (right claw)
 E - an amulet of the acrobat (around neck)
 G - an amulet of reflection
Wands
 p - a wand of polymorph (10)
 s - a wand of flame (11)
Scrolls
 f - 2 scrolls of vulnerability
 k - 3 scrolls of teleportation
 y - a scroll of blinking
 z - a scroll of magic mapping
 C - a scroll of enchant weapon
 J - a scroll of fog
Potions
 c - 3 potions of might
 d - a potion of resistance
 e - a potion of attraction {unknown}
 h - a potion of degeneration {unknown}
 j - 2 potions of berserk rage {unknown}
 r - a potion of haste {unknown}
 v - 2 potions of curing
 x - a potion of brilliance
 A - 3 potions of flight
 B - a potion of invisibility


   Skills:
 * Level 8.4 Fighting
 + Level 2.7 Armour
 + Level 6.1 Dodging
 + Level 6.0 Shields
 * Level 9.8 Unarmed Combat
 + Level 0.8 Invocations


You had 9 spell levels left.
You didn't know any spells.
Your spell library contained the following spells:

 Spells                   Type           Power      Damage    Failure   Level
 Slow                     Hex            0%         N/A       24%         1
 Confusing Touch          Hex            0%         N/A       56%         3
 Vampiric Draining        Necr           0%         2d6       56%         3


Dungeon Overview and Level Annotations

Branches:
Dungeon (8/15)             Temple (1/1) D:6            Lair (0/6) D:8
  Sewer (visited)

Altars:
Ashenzari
Cheibriados
Dithmenos
Elyvilon
Fedhas
Gozag
Hepliaklqana
Kikubaaqudgha
Makhleb
Nemelex Xobeh
Okawaru
Qazlal
Ru
Sif Muna
Trog
Uskayaw
Vehumet
Wu Jian
Xom
Yredelemnul
Zin
The Shining One

Shops:
D:2 =


Innate Abilities, Weirdness & Mutations

You are too large for most types of armour.
You have claws for hands.
Your natural rate of healing is unusually fast.
You are covered in fur. (AC +1)
You have tough skin. (AC +1)


Message History

You feel better. You block the ice beast's attack.
You closely miss the ice beast.
The ice beast is moderately wounded.
You block the gnoll sergeant's attack.
The ice beast hits you but does no damage.
You completely miss the ice beast.
The ice beast is moderately wounded.
The ice beast hits you but does no damage.
The gnoll sergeant barely misses you.
You scratch the ice beast but do no damage.
The ice beast is moderately wounded.
The ice beast closely misses you.
The gnoll sergeant hits you from afar with a +0 spear.
* * * LOW HITPOINT WARNING * * *
You closely miss the ice beast.
The ice beast is moderately wounded.
You claw the ice beast!
The ice beast is severely wounded.
The gnoll sergeant hits you from afar with a +0 spear!
* * * LOW HITPOINT WARNING * * *
The ice beast hits you but does no damage.
You completely miss the ice beast.
The ice beast is severely wounded.
The ice beast barely misses you.
The gnoll sergeant hits you but does no damage.
You mangle the ice beast!!
You kill the ice beast!
Okawaru accepts your kill.
The gnoll sergeant hits you from afar with a +0 spear.
* * * LOW HITPOINT WARNING * * *
You closely miss something. Something hits you.
* * * LOW HITPOINT WARNING * * *
You are lethally poisoned!
You block the gnoll sergeant's attack.
You claw something!
* * * LOW HITPOINT WARNING * * *
You feel very sick. You block something's attack.
The gnoll sergeant hits you from afar with a +0 spear.
You die...

........##..............
#.....####.#..).........
...........#............
.......#####....)......
..... #....)...... ...
#........... ..
#..g##...... .
###{)#...... ##@###....
..........#....
.#........# ...
#........# #.........#
#.......... ............
.............


You could see a gnoll sergeant.

Vanquished Creatures
  A centaur warrior (D:8)
  A two-headed ogre (D:7)
  The ghost of a11behringer the Basher, a journeyman GrBe of Trog (D:7)
  The ghost of Juicyj the Shield-Bearer, a novice FoFi (D:7)
  Pikel (D:5)
  Maggie (D:6)
  Prince Ribbit (D:6)
  Grinder (D:3)
  Sigmund (D:5)
  A steam dragon (D:6)
  Menkaure (D:6)
  3 wargs (D:8)
  2 water moccasins (D:7)
  Duvessa (D:5)
  3 ice beasts
  2 sky beasts
  An ogre (D:6)
  2 centaurs
  A phantom (D:4)
  A lemure (D:5)
  6 bullfrogs
  Blork the orc (D:5)
  A gnoll sergeant (D:6)
  2 necrophages
  2 scorpions (D:5)
  Dowan (D:5)
  7 wights
  A howler monkey (D:6)
  5 hounds
  A jelly (D:7)
  6 orc priests
  Crazy Yiuf (D:2)
  Ijyb (D:3)
  4 orc wizards
  An iguana (D:4)
  9 gnolls
  11 adders
  A river rat (D:6)
  2 shadow imps (D:6)
  An ufetubus (D:5)
  A worm (D:5)
  2 dart slugs (D:2)
  28 orcs
  7 ball pythons
  5 bats
  3 endoplasms
  19 giant cockroaches
  5 goblins
  5 hobgoblins
  6 jackals
  4 quokkas
  8 frilled lizards
  7 kobolds
  6 rats
197 creatures vanquished.

Notes
Turn   | Place    | Note
-------+----------+-------------------------------------------
     0 | D:1      | sammy202020 the Troll Fighter began the quest for the Orb.
     0 | D:1      | Reached XP level 1. HP: 22/22 MP: 0/0
   120 | D:1      | Reached XP level 2. HP: 29/29 MP: 1/1
   259 | D:1      | Found a faded altar of an unknown god.
   340 | D:1      | You fall into a shaft and drop 1 floor!
   416 | D:2      | Reached XP level 3. HP: 34/36 MP: 2/2
   504 | D:2      | Reached skill level 3 in Unarmed Combat
   504 | D:2      | Reached XP level 4. HP: 45/45 MP: 3/3
   546 | D:2      | Found Limegrix's Jewellery Shop.
   727 | D:2      | Found a runed translucent door.
   728 | D:2      | Noticed Crazy Yiuf
   734 | D:2      | Killed Crazy Yiuf
   808 | D:3      | Noticed Ijyb
   824 | D:3      | Reached XP level 5. HP: 28/53 MP: 4/4
  1182 | D:3      | Killed Ijyb
  1526 | D:3      | Noticed Grinder
  1535 | D:3      | Killed Grinder
  1536 | D:3      | Reached skill level 4 in Unarmed Combat
  1536 | D:3      | Reached XP level 6. HP: 31/62 MP: 5/5
  2421 | D:4      | Reached XP level 7. HP: 71/71 MP: 6/6
  2929 | D:5      | Entered Level 5 of the Dungeon
  2940 | D:5      | Reached skill level 5 in Unarmed Combat
  2998 | D:5      | Noticed Sigmund
  3013 | D:5      | Killed Sigmund
  3246 | D:5      | Noticed Blork the orc
  3260 | D:5      | Killed Blork the orc
  3261 | D:5      | Reached skill level 5 in Fighting
  3266 | D:5      | Reached XP level 8. HP: 36/80 MP: 7/7
  3341 | D:5      | Noticed Dowan
  3341 | D:5      | Noticed Duvessa
  3350 | D:5      | Killed Duvessa
  3351 | D:5      | Reached skill level 6 in Unarmed Combat
  3361 | D:5      | Killed Dowan
  3851 | D:5      | Noticed Pikel
  3858 | D:5      | Killed Pikel
  3859 | D:5      | Reached skill level 7 in Unarmed Combat
  3859 | D:5      | Reached XP level 9. HP: 69/89 MP: 8/8
  4365 | D:6      | Found a glowing drain.
  4369 | Sewer    | Entered a sewer
  4685 | D:6      | Found a staircase to the Ecumenical Temple.
  4807 | Temple   | Entered the Ecumenical Temple
  5678 | D:6      | Reached skill level 5 in Dodging
  5681 | D:6      | Noticed Prince Ribbit
  5689 | D:6      | Killed Prince Ribbit
  5690 | D:6      | Reached skill level 5 in Shields
  5690 | D:6      | Reached skill level 8 in Unarmed Combat
  5690 | D:6      | Noticed Menkaure
  5696 | D:6      | Killed Menkaure
  5736 | D:6      | Noticed Maggie
  5748 | D:6      | Killed Maggie
  6001 | D:7      | Found an iron altar of Okawaru.
  6005 | D:7      | Became a worshipper of Warmaster Okawaru
  6089 | D:7      | Reached XP level 10. HP: 60/102 MP: 9/9
  6142 | D:7      | Reached skill level 1 in Armour
  6195 | D:7      | Found a runed translucent gate.
  6195 | D:7      | Found a runed translucent gate.
  6195 | D:7      | Found a runed translucent gate.
  6198 | D:7      | Noticed Juicyj's ghost (novice FoFi)
  6198 | D:7      | Noticed a11behringer's ghost (journeyman GrBe)
  6243 | D:7      | Noticed a two-headed ogre
  6253 | D:7      | Killed a two-headed ogre
  6253 | D:7      | Reached * piety under Okawaru
  6254 | D:7      | Reached skill level 9 in Unarmed Combat
  6788 | D:7      | Killed a11behringer's ghost
  6788 | D:7      | Reached ** piety under Okawaru
  6791 | D:7      | Killed Juicyj's ghost
  7085 | D:8      | Noticed a centaur warrior
  7093 | D:8      | Killed a centaur warrior
  7096 | D:8      | Found a staircase to the Lair.
  7259 | D:8      | Reached *** piety under Okawaru
  7306 | D:8      | HP: 2/106 [ice beast (6)]
  7315 | D:8      | HP: 5/106 [gnoll sergeant/+0 spear (3)]
  7317 | D:8      | HP: 1/106 [poisoned by a gnoll]
  7317 | D:8      | Slain by a gnoll sergeant

Illustrated notes

Levels and vault maps discovered:
D:1:      dpeg_arrival_rooms_c, layout_basic, ebering_ecumenical_altar_mist,
          minmay_misc_feat_encased
D:2:      layout_rooms, serial_shops, nicolae_shop_hallway_stairs,
          uniq_crazy_yiuf_cottage
D:3:      layout_basic, kennysheep_boxes, uniq_grinder, uniq_ijyb
D:4:      layout_loops_ring
D:5:      layout_layer_cave, grunt_ministairs_15, minmay_liquid_box,
          uniq_sigmund, uniq_pikel, uniq_duvessa, uniq_blork_the_orc
D:6:      layout_basic, temple_doors_e, gup_sewer_entry_spiral,
          uniq_prince_ribbit1, uniq_menkaure, uniq_maggie
D:7:      layout_loops_ring, mainiacjoe_overflow_alcove_4,
          gammafunk_ghost_cemetery
D:8:      layout_basic, erik_lair_orcish_takeover
Temple:   nicolae_temple_the_god_donut

Skill      XL: |  1  2  3  4  5  6  7  8  9 10 |
---------------+-------------------------------+-----
Fighting       | 3 4 5 6 7 8 |  8.4
Unarmed Combat | 3 4 5 7 8 9 |  9.8
Dodging        | 3 4 5 6 |  6.1
Shields        | 3 4 5 6 |  6.0
Armour         | 2 |  2.7
Invocations    | |  0.8

Action                   |  1- 3 |  4- 6 |  7- 9 | 10-12 || total
-------------------------+-------+-------+-------+-------++-------
Melee: Unarmed           |    57 |   126 |   299 |    98 ||   580
Invok: Heroism           |       |       |       |     3 ||     3
  Use: Potion            |       |     2 |     1 |     7 ||    10
       Scroll            |       |       |    11 |     8 ||    19
 Stab: Confused          |       |     1 |       |       ||     1
       Sleeping          |       |       |     1 |       ||     1
Armor: Robe              |    15 |    68 |    64 |       ||   147
       Skin              |       |     9 |       |       ||     9
       Steam dragon scal |       |       |    11 |    42 ||    53
Dodge: Dodged            |    13 |   127 |   110 |    57 ||   307
Block: Kite shield       |    17 |    54 |   128 |    60 ||   259

Table legend: (Time is in decaauts)
 A = Elapsed time spent in this place.
 B = Non-inter-level travel time spent in this place.
 C = Inter-level travel time spent in this place.
 D = Time resting spent in this place.
 E = Time spent auto-exploring this place.
 F = Levels seen in this place.
 G = Mean time per level.
                   A        B        C        D        E       F      G
               +--------+--------+--------+--------+--------+-----+--------+
         Total |   7392 |   7097 |    295 |    871 |   4608 |  10 |  739.2 |
       Dungeon |   6752 |   6520 |    232 |    871 |   4336 |   8 |  844.0 |
        Temple |    366 |    303 |     63 |      0 |    225 |   1 |  366.0 |
         Sewer |    272 |    272 |      0 |      0 |     46 |   1 |  272.0 |
               +--------+--------+--------+--------+--------+-----+--------+

Top non-repeatable levels by time:
     D:5: 1381 daAuts
     D:7: 1237 daAuts
     D:3: 1086 daAuts
     D:6: 968 daAuts
     D:2: 798 daAuts
     D:4: 711 daAuts
  Temple: 366 daAuts
     D:1: 344 daAuts
   Sewer: 272 daAuts
     D:8: 225 daAuts
